 Dungeon Crawl Stone Soup version 0.30.1-9-gdf580d7c3d (webtiles) character file.

Game seed: 2628447790671048448

10375 safid the Frost Mage (level 11, 0/92 HPs)
             Began as a Merfolk Ice Elementalist on Oct 2, 2023.
             Was a Priest of Vehumet.
             Shot with an arrow by a centaur warrior (19 damage)
             ... on level 11 of the Dungeon.
             The game lasted 00:24:21 (11882 turns).

safid the Frost Mage (Merfolk Ice Elementalist)    Turns: 11882, Time: 00:24:22

Health: 0/92       AC:  7    Str:  9    XL:     11   Next: 61%
Magic:  23/23      EV: 17    Int: 18    God:    Vehumet [***...]
Gold:   686        SH:  0    Dex: 19    Spells: 14/26 levels left

rFire   + . .        D - +9 falchion of Patience {venom, Fly rC+++ Will-}
rCold   + + +        (no shield)
rNeg    . . .        m - +2 robe {rF+}
rPois   .            y - +2 hat
rElec   .            (no cloak)
rCorr   +            (no gloves)
SInv    +            r - +0 pair of boots
Will    .....        d - amulet of the Monkey's Uncle {Regen+ rCorr Dex+4}
Stlth   ++           J - ring of see invisible
HPRegen 1.15/turn    (no ring)
MPRegen 0.18/turn

%: no passive effects
@: flying
A: (nimble swimmer 2), mertail
a: Renounce Religion


You were on level 11 of the Dungeon.
You worshipped Vehumet.
Vehumet was most pleased with you.
You visited 2 branches of the dungeon, and saw 12 of its levels.
You also visited: Bailey.

You collected 686 gold pieces.

Inventory:

Hand Weapons
 D - the +9 falchion of Patience (weapon) {venom, Fly rC+++ Will-}
   (You found it on level 10 of the Dungeon)

   rC:        It renders you almost immune to cold.
   Fly:       It grants you flight.
   Will:      It decreases your willpower.
Missiles
 b - a throwing net
 C - 2 curare-tipped darts
Armour
 m - a +2 robe of fire resistance (worn)
 r - a +0 pair of boots (worn)
 y - a +2 hat (worn)
Jewellery
 d - the amulet of the Monkey's Uncle (around neck) {Regen+ rCorr Dex+4}
   (You acquired it in a bailey)

   [amulet of regeneration]

   Dex:       It affects your dexterity (+4).
   Regen:     It increases your rate of health regeneration.
   rCorr:     It protects you from acid and corrosion.
 u - a ring of ice
 J - a ring of see invisible (left hand)
Wands
 w - a wand of charming (11)
 A - a wand of flame (20)
 E - a wand of quicksilver (2)
 K - a wand of mindburst (4)
Scrolls
 c - 4 scrolls of amnesia
 e - 3 scrolls of enchant weapon
 k - 4 scrolls of fog
 l - 4 scrolls of blinking
 o - 2 scrolls of magic mapping {unknown}
 t - 3 scrolls of fear
 v - 3 scrolls of summoning
 x - 3 scrolls of torment {unknown}
 B - a scroll of silence {unknown}
 G - 3 scrolls of teleportation {unknown}
 L - a scroll of identify
Potions
 a - a potion of magic
 f - a potion of resistance
 g - 5 potions of brilliance
 h - 2 potions of might {unknown}
 i - 3 potions of degeneration {unknown}
 j - 6 potions of curing
 n - 2 potions of invisibility {unknown}
 p - a potion of haste {unknown}
 q - 5 potions of attraction {unknown}
 s - a potion of cancellation {unknown}
 z - 3 potions of lignification {unknown}
 F - a potion of heal wounds
 H - 2 potions of flight {unknown}
Miscellaneous
 I - a phial of floods


   Skills:
 + Level 10.8 Fighting
 - Level 8.0 Dodging
 - Level 2.1 Stealth
 - Level 8.0 Spellcasting
 + Level 3.4 Translocations
 + Level 12.0 Ice Magic


You had 14 spell levels left.
You knew the following spells:

 Your Spells              Type           Power      Damage    Failure   Level
a - Freeze                Ice            100%       1d10      1%          1
b - Frozen Ramparts       Ice            100%       1d16      1%          3
c - Ozocubu's Armour      Ice            50%        N/A       1%          3
d - Hailstorm             Conj/Ice       28%        3d8       1%          3
e - Blink                 Tloc           38%        N/A       3%          2

Your spell library contained the following spells:

 Spells                   Type           Power      Damage    Failure   Level
 Stone Arrow              Conj/Erth      14%        3d7       8%          3
 Ensorcelled Hibernation  Hex/Ice        56%        N/A       1%          2
 Apportation              Tloc           38%        N/A       2%          1
 Kiss of Death            Conj/Necr      28%        2d7       2%          1
 Momentum Strike          Conj/Tloc      26%        3d8       2%          2
 Lesser Beckoning         Tloc           38%        N/A       3%          2
 Volatile Blastmotes      Fire/Tloc      26%        2d12      4%          3
 Dazzling Flash           Conj/Hex       14%        N/A       8%          3
 Summon Ice Beast         Ice/Summ       28%        N/A       9%          4
 Necrotise                Necr           28%        1d5       10%         1
 Summon Small Mammal      Summ           28%        N/A       10%         1
 Iskenderun's Mystic Bla  Conj/Tloc      13%        2d5       13%         4
 Passwall                 Tmut/Erth      5%         N/A       14%         2
 Portal Projectile        Hex/Tloc       26%        N/A       14%         3
 Call Canine Familiar     Summ           7%         N/A       28%         3
 Confusing Touch          Hex            7%         N/A       28%         3
 Spider Form              Tmut/Pois      7%         N/A       28%         3
 Swiftness                Air            7%         N/A       28%         3
 Anguish                  Hex/Necr       3%         N/A       67%         4
 Dispel Undead            Necr           7%         3d8       67%         4
 Leda's Liquefaction      Hex/Erth       3%         N/A       67%         4
 Petrify                  Tmut/Erth      7%         N/A       67%         4
 Starburst                Conj/Fire      3%         6d3       96%         6
 Statue Form              Tmut/Erth      4%         N/A       100%        6
 Death's Door             Necr           3%         N/A       100%        9


Dungeon Overview and Level Annotations

Branches:
Dungeon (11/15)            Temple (1/1) D:7          Bailey (visited)
   Lair: D:8-11         Orc: D:9-12

Altars:
Ashenzari
Cheibriados
Dithmenos
Elyvilon
Fedhas
Gozag
Hepliaklqana
Kikubaaqudgha
Makhleb
Nemelex Xobeh
Okawaru
Qazlal
Ru
Sif Muna
Trog
Uskayaw
Vehumet
Wu Jian
Xom
Yredelemnul
Zin
The Shining One

Shops:
D:5 (   D:9 *   D:10 =   D:11 =*:([:[

Portals:
Trove: D:10 (lose all piety)

Annotations:
D:2 Sigmund
D:10 Josephine


Innate Abilities, Weirdness & Mutations

((You are very nimble when in or above water. (Stealth+, EV+, Speed+++)))
Your lower body shifts to a powerful aquatic tail in water.


Message History

a yak corpse; a yak corpse The electric eel shoots out a bolt of lightning at you!
The bolt of electricity hits you!
The yak bellows!
You see here a yak corpse.
The electric eel shoots out a bolt of lightning at you!
The bolt of electricity hits you!
A centaur warrior comes into view.
The electric eel shoots out a bolt of lightning at you!
The bolt of electricity hits you!
The centaur warrior wields a +0 longbow.
The centaur warrior shoots an arrow.
The arrow hits you!!
You are too injured to fight recklessly!
You are too injured to fight recklessly!
You are too injured to fight recklessly!
You are too injured to fight recklessly!
Unknown command.
You slash the electric eel!
The electric eel is poisoned.
The electric eel is almost dead.
Unknown command.
You miss the electric eel.
The electric eel is almost dead.
Unknown command.
You barely miss the electric eel.
The electric eel is almost dead.
The electric eel shoots out a bolt of lightning at you!
The bolt of electricity misses you.
Unknown command.
You closely miss the electric eel.
The electric eel is almost dead.
You kill the electric eel!
Vehumet accepts your kill.
The centaur warrior shoots an arrow.
The arrow hits you!!
* * * LOW HITPOINT WARNING * * *
Unknown command.
Okay, then.
As you read the scroll of fog, it crumbles to dust.
The scroll dissolves into smoke.
The centaur warrior shoots an arrow.
The arrow hits you!!
You die...

.8.8.8.8..# ##<#
...........# #.#
....~≈~....# #.#
..∩.~≈~.∩.### #.##
....~≈~.....# #...
#...~≈~.....# #.#.
#.⌠.~≈~.⌠...# #.8.
#...c≈§§§§..#########...
#...Y≈§@§..†.†......8...
#.∩.Y≈§§§...########....
#...~§~...### #..>.
#...~≈~...# #......
#.⌠.~≈~.⌠.# #.#8...
#...~≈~...# #.###^#
#...~≈~...# . #.
#.∩.~≈~.∩.. #.


You could see a centaur warrior and 2 yaks.

Vanquished Creatures
  An orc warlord (Bailey)
  A two-headed ogre (D:8)
  Erica (D:8)
  Pikel (D:7)
  An unseen horror (D:11)
  A guardian mummy (D:10)
  2 trolls
  Prince Ribbit (D:7)
  2 shadows
  A wraith (D:10)
  A wyvern (D:9)
  Eustachio (D:5)
  12 yaks (D:11)
  A warg (D:11)
  An acid dragon (D:9)
  4 water moccasins
  7 orc warriors
  A sky beast (D:7)
  An ice beast (D:7)
  2 black bears (D:5)
  5 centaurs
  An ogre (D:5)
  3 kobold brigands
  2 bullfrogs
  3 scorpions
  4 wights (D:10)
  11 killer bees (D:7)
  An electric eel (D:11)
  2 jellies
  A hound (D:5)
  2 gnoll boudas
  3 orc priests
  2 sleepcaps
  Natasha (D:3)
  7 orc wizards
  3 iguanas
  12 adders
  12 gnolls
  A shadow imp (D:7)
  A white imp (D:8)
  An ufetubus (D:5)
  A worm (D:4)
  A dart slug (D:1)
  29 orcs
  5 endoplasms
  2 giant cockroaches (D:4)
  12 goblins
  13 hobgoblins
  5 jackals
  30 kobolds
  3 quokkas
  4 ball pythons
  A bat (D:3)
  4 frilled lizards
  5 rats
  A spectral goblin (D:4)
237 creatures vanquished.

Notes
Turn   | Place    | Note
-------+----------+-------------------------------------------
     0 | D:1      | safid the Merfolk Ice Elementalist began the quest for the
                  | Orb.
     0 | D:1      | Reached XP level 1. HP: 13/13 MP: 3/3
   198 | D:1      | Reached XP level 2. HP: 7/20 MP: 0/5
   433 | D:1      | Reached skill level 1 in Fighting
  1278 | D:2      | Reached XP level 3. HP: 26/26 MP: 1/6
  1379 | D:2      | Learned a level 3 spell: Frozen Ramparts
  1755 | D:2      | Reached skill level 5 in Ice Magic
  1755 | D:2      | Reached XP level 4. HP: 5/33 MP: 4/8
  1759 | D:2      | Learned a level 3 spell: Ozocubu's Armour
  2058 | D:2      | Found a faded altar of an unknown god.
  2235 | D:2      | Noticed Sigmund
  2627 | D:3      | Reached XP level 5. HP: 15/39 MP: 6/9
  2858 | D:3      | Found a sacrificial altar of Ru.
  2933 | D:3      | Noticed Natasha
  2952 | D:3      | Killed Natasha
  3143 | D:3      | Identified the +1 ring mail of Untruth {Contam rF+++ Int+4
                  | Dex-5}
  4225 | D:4      | Found a hazy altar of Hepliaklqana.
  4375 | D:5      | Entered Level 5 of the Dungeon
  4450 | D:5      | Found a shimmering altar of Xom.
  4461 | D:5      | Found a snail-covered altar of Cheibriados.
  4471 | D:5      | Noticed a water moccasin
  4478 | D:5      | Killed a water moccasin
  4479 | D:5      | Reached XP level 6. HP: 30/47 MP: 1/11
  4774 | D:5      | Reached skill level 6 in Ice Magic
  4855 | D:5      | Noticed a black bear
  4865 | D:5      | Killed a black bear
  4866 | D:5      | Reached XP level 7. HP: 52/54 MP: 3/13
  5028 | D:5      | Learned a level 3 spell: Hailstorm
  5271 | D:5      | Noticed Eustachio
  5299 | D:5      | Reached skill level 5 in Dodging
  5321 | D:5      | Killed Eustachio
  5322 | D:5      | Reached XP level 8. HP: 31/61 MP: 9/14
  5539 | D:5      | Reached skill level 5 in Fighting
  5599 | D:5      | Found Astrouck's Hydra Hut.
  5601 | D:5      | Noticed a four-headed hydra
  5968 | D:6      | Reached skill level 7 in Ice Magic
  6242 | D:6      | Reached skill level 5 in Spellcasting
  7137 | D:7      | Noticed Pikel
  7157 | D:7      | Killed Pikel
  7158 | D:7      | Reached skill level 8 in Ice Magic
  7158 | D:7      | Reached XP level 9. HP: 56/71 MP: 0/17
  7251 | D:7      | Found a staircase to the Ecumenical Temple.
  7264 | D:7      | Found a flagged portal.
  7291 | Temple   | Entered the Ecumenical Temple
  7348 | Temple   | Became a worshipper of Vehumet
  7380 | Bailey   | Entered a bailey
  7385 | Bailey   | Noticed an orc warlord
  7636 | Bailey   | Found a runed translucent gate.
  7638 | Bailey   | Found a runed translucent gate.
  7640 | Bailey   | Found a runed translucent gate.
  7801 | Bailey   | Killed an orc warlord
  7802 | Bailey   | Reached skill level 9 in Ice Magic
  7802 | Bailey   | Reached XP level 10. HP: 64/80 MP: 1/20
  7823 | Bailey   | Identified the staff of earth "Xiekuz" {Int+3 Stlth+}
  7834 | Bailey   | Got the Omnibus of Terrestrial Bodies
  7915 | Bailey   | Acquired the amulet of the Monkey's Uncle {Regen+ rCorr
                  | Dex+4}
  8017 | D:7      | Reached * piety under Vehumet
  8017 | D:7      | Offered knowledge of Magic Dart by Vehumet.
  8310 | D:7      | Noticed Prince Ribbit
  8316 | D:7      | Killed Prince Ribbit
  8617 | D:8      | Reached ** piety under Vehumet
  8617 | D:8      | Offered knowledge of Searing Ray by Vehumet.
  8792 | D:8      | Reached skill level 10 in Ice Magic
  8897 | D:8      | Noticed Erica
  8906 | D:8      | Killed Erica
  9177 | D:8      | Noticed a two-headed ogre
  9183 | D:8      | Killed a two-headed ogre
  9626 | D:9      | Reached skill level 11 in Ice Magic
  9795 | D:9      | Reached XP level 11. HP: 90/90 MP: 21/23
  9909 | D:9      | Learned a level 2 spell: Blink
 10241 | D:9      | Found Satod's Neck Hole.
 10489 | D:10     | Entered Level 10 of the Dungeon
 10553 | D:10     | Offered knowledge of Stone Arrow by Vehumet.
 10719 | D:10     | Reached skill level 1 in Translocations
 10768 | D:10     | Found a portal to a secret trove of treasure.
 10776 | D:10     | Reached skill level 10 in Fighting
 10998 | D:10     | Found Unateca's Jewellery Boutique.
 11036 | D:10     | Reached *** piety under Vehumet
 11148 | D:10     | Noticed Josephine
 11226 | D:10     | Identified the +9 falchion of Patience {venom, Fly rC+++
                  | Will-}
 11704 | D:11     | Found Camecw's Antique Armour Emporium.
 11810 | D:11     | Found Ruaphiar's Antique Weapon Boutique.
 11812 | D:11     | Found Disyciff's Jewellery Shop.
 11816 | D:11     | Found Semiomny's Antique Armour Shop.
 11816 | D:11     | Found Idoblia's General Store.
 11822 | D:11     | Found Giadask's Book Boutique.
 11822 | D:11     | Found Lyul's Book Shop.
 11836 | D:11     | Reached skill level 12 in Ice Magic
 11875 | D:11     | Noticed a centaur warrior
 11882 | D:11     | Shot with an arrow by a centaur warrior

Illustrated notes

Levels and vault maps discovered:
D:1:      minmay_arrival_five_plusses, layout_basic
D:2:      layout_basic, hellmonk_ecumenical_altar_pennies_from_heaven,
          uniq_sigmund
D:3:      layout_loops_ring, mainiacjoe_overflow_concentric_impassable,
          serial_forest, infiniplex_forest_pool, infiniplex_forest_clump_long,
          infiniplex_forest_end_3, infiniplex_forest_clump_medium,
          infiniplex_forest_lined_3, infiniplex_forest_corner_1,
          infiniplex_forest_split, uniq_natasha
D:4:      layout_loops_ring, nicolae_hepliaklqana_monster_ancestors
D:5:      layout_basic, mainiacjoe_overflow_swirl,
          chequers_serial_rivers_micro_d, grunt_decor_clamped,
          grunt_decor_fettered, doesnt_shop_hydraphobe, uniq_eustachio
D:6:      layout_loops_corners
D:7:      layout_basic, temple_statues, enter_bailey_4,
          dreamdust_princess_bridge, uniq_pikel, uniq_prince_ribbit1
D:8:      layout_rooms, hangedman_decor_riveting, minivault_22,
          kennysheep_cluttered_room, uniq_erica
D:9:      layout_basic, serial_co_window_serial, co_window_of_opportunity_a,
          co_window_paths_a, co_window_cross_1, co_window_of_opportunity_a,
          co_window_paths_b, co_window_2corner, co_window_corner_b,
          co_window_corner_b, co_window_broadway_b, co_window_paths_c,
          co_window_paths_c, co_window_corner_b, glass_columns_a,
          nicolae_shop_sticking_my_neck_out
D:10:     layout_irregular_city, nicolae_trove_entry_path_of_doom, serial_shops,
          shop, uniq_josephine
D:11:     layout_roguey, grunt_lair_entry_orc_guard_hut,
          minmay_orc_entry_guard_dogs, nicolae_shop_national_dungeon_mall,
          nicolae_stop_n_shop_1
Temple:   hc_temple_tempest_star

Skill      XL: |  1  2  3  4  5  6  7  8  9 10 11 |
---------------+----------------------------------+-----
Fighting       | 1 2 3 4 6 7 9 10 | 10.8
Ice Magic      | 5 6 8 9 11 12 | 12.0
Spellcasting   | 3 4 5 6 8 |  8.0
Dodging        | 3 4 5 7 8 |  8.0
Translocations | 3 |  3.4
Stealth        | |  2.1

Action                     |  1- 3 |  4- 6 |  7- 9 | 10-12 || total
---------------------------+-------+-------+-------+-------++-------
  Melee: Unarmed           |     1 |       |       |       ||     1
         Short sword       |    56 |   122 |       |       ||   178
         Punch             |     1 |     1 |     3 |     3 ||     8
         Long sword        |       |    14 |    78 |       ||    92
         Whip              |       |       |    53 |   132 ||   185
         Falchion          |       |       |       |    57 ||    57
   Cast: Freeze            |    25 |    34 |    22 |     6 ||    87
         Frozen Ramparts   |       |     7 |    27 |    41 ||    75
         Ozocubu's Armour  |       |     4 |    19 |    34 ||    57
         Hailstorm         |       |       |     2 |     1 ||     3
  Evoke: Wand              |       |       |     1 |     3 ||     4
    Use: Potion            |       |       |     6 |       ||     6
         Scroll            |       |       |     5 |     6 ||    11
   Stab: Sleeping          |     2 |     3 |       |     1 ||     6
 Armour: Robe              |     9 |    39 |    58 |    83 ||   189
  Dodge: Dodged            |    42 |   104 |   177 |   211 ||   534
